 Dungeon Crawl Stone Soup version 0.31-a0-210-gccc998df9b (webtiles) character file.

Game seed: 16787416510485192320

184 qw the Chopper (level 5, -5/32 HPs)
             Began as a Gargoyle Fighter on June 29, 2023.
             Killed from afar by an orc wizard (7 damage)
             ... with a magic dart
             ... on level 3 of the Dungeon.
             The game lasted 00:01:08 (2330 turns).

qw the Chopper (Gargoyle Fighter)                   Turns: 2330, Time: 00:01:09

Health: -5/32      AC: 12    Str: 21    XL:     5   Next: 64%
Magic:  5/5        EV:  9    Int:  9    God:
Gold:   115        SH:  0    Dex:  9    Spells: 4/4 levels left

rFire   . . .        Y - +0 war axe
rCold   . . .        c - +0 buckler
rNeg    + + .        b - +0 scale mail
rPois   inf          (no helmet)
rElec   +            (no cloak)
rCorr   .            a - +0 pair of gloves
SInv    .            (no boots)
Will    .....        (no amulet) Stlth
                     e - ring of positive energy
HPRegen 0.25/turn    (no ring)
MPRegen 0.09/turn

%: no passive effects
@: confused
A: sickness immunity, AC +4, negative energy resistance 1, electricity
resistance, torment resistance 1, petrification resistance
a: no special abilities


You were on level 3 of the Dungeon.
You visited 1 branch of the dungeon, and saw 3 of its levels.

You collected 115 gold pieces.


Innate Abilities, Weirdness & Mutations

You are immune to sickness and miasma.
Your stone body is resilient. (AC +4)
You are immune to poison.
You resist negative energy. (rN+)
You are resistant to electric shocks. (rElec)
You are resistant to unholy torment.
You are immune to petrification.


   Skills:
 + Level 3.3 Fighting
 - Level 5.1 Axes
 - Level 3.2 Armour
 - Level 3.2 Shields


You had 4 spell levels left.
You didn't know any spells.
Your spell library was empty.

Inventory:

Hand Weapons
 h - a +0 flail
 Y - a +0 war axe (weapon)
Armour
 a - a +0 pair of gloves (worn)
 b - a +0 scale mail (worn)
 c - a +0 buckler (worn)
Jewellery
 e - a ring of positive energy (left hand)
 i - a ring of resist corrosion
Scrolls
 l - a scroll of identify {unknown}
Potions
 d - a potion of might
 f - a potion of brilliance {unknown}
 g - a potion of heal wounds {unknown}
 j - 2 potions of berserk rage {unknown}
 k - a potion of invisibility {unknown}

Dungeon Overview and Level Annotations

Branches:
Dungeon (3/15)

Altars:


Message History

You hear some strange, mumbled words.
You are more confused.
You completely miss something. You closely miss something.
Something hits you but does no damage.
You hear some strange, mumbled words.
You are more confused.
You closely miss something. You completely miss something.
Something hits you but does no damage. x2
You bump into the rock wall.
Something hits you but does no damage. x2
You miss something. You closely miss something.
Something hits you but does no damage. x2
You miss something. x2
Something hits you but does no damage.
You hear some strange, mumbled words.
A puff of flame appears from out of thin air!
The puff of flame hits you.
Something hits you but does no damage. x2
You're too confused to move!
Something hits you. Something hits you but does no damage.
You bump into the rock wall.
Something hits you but does no damage. x2
You miss something. You barely miss something.
Something hits you but does no damage. x2
You miss something. You closely miss something. Something hits you.
Something hits you but does no damage.
You completely miss something. You miss something.
An orc wizard appears from thin air!
Reactivating autopickup.
An orc wizard appears from thin air!
The orc wizard gestures at you while chanting.
The puff of flame misses you.
The orc wizard mumbles some strange words.
The orc wizard flickers and vanishes!
Deactivating autopickup; reactivate with Ctrl-A.
The orc wizard hits you but does no damage.
You hear some strange, mumbled words.
Something tries to affect you, but you resist.
The orc wizard casts a spell at you. The magic dart hits you!
You die...

...#.......# ...# #...........
...#####.#.# #...# #...........
...# #.#.# #...# ########......
...# #.#.# #...# #........#####
...# #.#.# #...# #........# #..#
#.#.###...# #........##
...#####:....)...# #.........#
...............o.# #.........#
...............{@# #.........#
...............### #....%<...####
..........>....# #.........##..
.[.#####.......######.#.#'#..##..
#### #.#.#####.. .. #.#.#))##..
#.#.# #.######.#.#..##..
#.#.#####..........#..##..
########.#..........###.###..##..
.).......#..........# #.# #..####


You could see an orc wizard.

Vanquished Creatures
  An orc wizard (D:3)
  Natasha (thrice) (D:2)
  3 adders (D:2)
  2 dart slugs (D:1)
  5 orcs (D:3)
  4 ball pythons
  A bat (D:1)
  7 endoplasms
  2 giant cockroaches (D:1)
  4 goblins
  7 hobgoblins
  2 kobolds
  2 quokkas
  4 frilled lizards
  4 rats
51 creatures vanquished.

Notes
Turn   | Place    | Note
-------+----------+-------------------------------------------
     0 | D:1      | qw the Gargoyle Fighter began the quest for the Orb.
     0 | D:1      | Reached XP level 1. HP: 14/14 MP: 1/1
     0 | D:1      | 0 ||| qw: Version: 0.3-a-24-ga2abf7b
     0 | D:1      | 0 ||| qw: Game counter: 6940
     0 | D:1      | 0 ||| qw: Melee chars always use a shield: true
     0 | D:1      | 0 ||| qw: God list: Okawaru
     0 | D:1      | 0 ||| qw: Allow faded altars: false
     0 | D:1      | 0 ||| qw: Do Orc after clearing Dungeon:15 true
     0 | D:1      | 0 ||| qw: Do second Lair branch before Depths: true
     0 | D:1      | 0 ||| qw: Lair rune preference: random
     0 | D:1      | 0 ||| qw: Goals: Normal, Zot:1-4, Slime:5, God:TSO, Crypt,
                  | Tomb, Abyss, Pan, Hells, Win
     0 | D:1      | 0 ||| PLANNING D:1-11
     7 | D:1      | 7 ||| Stepping ~*~*~tactically~*~*~ (hiding).
     8 | D:1      | 8 ||| Stepping ~*~*~tactically~*~*~ (hiding).
     9 | D:1      | 9 ||| Stepping ~*~*~tactically~*~*~ (hiding).
    10 | D:1      | 10 ||| Stepping ~*~*~tactically~*~*~ (hiding).
    17 | D:1      | 17 ||| FLEEEEING.
    23 | D:1      | Reached skill level 2 in Axes
    47 | D:1      | 47 ||| Stepping ~*~*~tactically~*~*~ (stealth).
    53 | D:1      | 53 ||| Stepping ~*~*~tactically~*~*~ (stealth).
    58 | D:1      | Reached XP level 2. HP: 19/19 MP: 2/2
    84 | D:1      | 84 ||| DROPPING +0 club.
   185 | D:1      | 185 ||| FLEEEEING.
   186 | D:1      | 186 ||| FLEEEEING.
   187 | D:1      | 187 ||| FLEEEEING.
   188 | D:1      | 188 ||| FLEEEEING.
   189 | D:1      | 189 ||| FLEEEEING.
   191 | D:1      | 191 ||| FLEEEEING.
   192 | D:1      | 192 ||| FLEEEEING.
   197 | D:1      | Reached skill level 3 in Axes
   250 | D:1      | 250 ||| Stepping ~*~*~tactically~*~*~ (hiding).
   251 | D:1      | 251 ||| Stepping ~*~*~tactically~*~*~ (hiding).
   252 | D:1      | 252 ||| Stepping ~*~*~tactically~*~*~ (hiding).
   262 | D:1      | Reached XP level 3. HP: 23/23 MP: 3/3
   324 | D:1      | Found a faded altar of an unknown god.
   751 | D:1      | 751 ||| READING scroll labelled ZUMOJAXUUW.
   752 | D:1      | 752 ||| READING scroll labelled NOCERGH GIBOLOQ.
   753 | D:1      | 753 ||| READING scroll labelled QEMOTU CETIG.
   758 | D:1      | 758 ||| READING scroll labelled NUEGAF QOOKKE.
  1133 | D:2      | Noticed Natasha
  1140 | D:2      | Killed Natasha
  1141 | D:2      | Reached skill level 4 in Axes
  1141 | D:2      | Reached XP level 4. HP: 16/28 MP: 4/4
  1297 | D:2      | Noticed Natasha
  1304 | D:2      | Killed Natasha
  1328 | D:2      | Reached XP level 5. HP: 29/32 MP: 5/5
  1385 | D:2      | Noticed Natasha
  1386 | D:2      | 1386 ||| Stepping ~*~*~tactically~*~*~ (hiding).
  1388 | D:2      | 1388 ||| Stepping ~*~*~tactically~*~*~ (hiding).
  1400 | D:2      | Killed Natasha
  1752 | D:2      | 1752 ||| UPGRADING to +0 pair of gloves.
  1757 | D:2      | 1757 ||| UPGRADING to ring of positive energy.
  1811 | D:3      | 1811 ||| DROPPING +0 mace.
  1850 | D:3      | 1850 ||| Stepping ~*~*~tactically~*~*~ (stealth).
  1870 | D:3      | 1870 ||| Stepping ~*~*~tactically~*~*~ (stealth).
  1871 | D:3      | 1871 ||| Stepping ~*~*~tactically~*~*~ (stealth).
  2110 | D:3      | Reached skill level 5 in Axes
  2285 | D:3      | 2285 ||| Stepping ~*~*~tactically~*~*~ (hiding).
  2312 | D:3      | HP: 8/32 [something/magic dart (2)]
  2324 | D:3      | HP: 3/32 [something/puff of flame (5)]
  2325 | D:3      | HP: 1/32 [something (2)]
  2330 | D:3      | Killed from afar by an orc wizard

Levels and vault maps discovered:
D:1:      dpeg_arrival_rhombus, layout_loops_cross, basic_ecumenical_altar
D:2:      layout_basic, minmay_misc_feat_columns, uniq_natasha
D:3:      layout_basic

Skill      XL: |  1  2  3  4  5 |
---------------+----------------+-----
Axes           | 2 3 4 5 |  5.1
Fighting       | |  3.3
Armour         | |  3.2
Shields        | |  3.2

Action                     |  1- 3 |  4- 6 || total
---------------------------+-------+-------++-------
  Melee: War axe           |    94 |    74 ||   168
    Use: Scroll            |     4 |       ||     4
 Armour: Scale mail        |    36 |    66 ||   102
  Dodge: Dodged            |    34 |    24 ||    58
  Block: Buckler           |    13 |    11 ||    24

Table legend:
 A = Non-vault XP
 B = Vault XP
 C = Vault XP percentage of total XP
 D = Non-vault monster count
 E = Vault monster count
 F = Vault count percentage of total count
                 A         B        C        D         E       F
            +---------+---------+-------+---------+---------+-------
      Total |     229 |      35 |  13.3 |      50 |       1 |   2.0
            +---------+---------+-------+---------+---------+-------
        D:1 |      48 |       0 |   0.0 |      25 |       0 |   0.0
        D:2 |     120 |      35 |  22.6 |      13 |       1 |   7.1
        D:3 |      61 |       0 |   0.0 |      12 |       0 |   0.0
            +---------+---------+-------+---------+---------+-------
